 Dungeon Crawl Stone Soup version 0.24-a0-201-gf205589 (console) character file.

Game seed: 9385816415789222659

95 vt the Ducker (level 4, 0/24 HPs)
             Began as a Tengu Necromancer on Mar 20, 2019.
             Was an Initiate of Sif Muna.
             Killed from afar by Natasha (5 damage)
             ... with a magic dart
             ... on level 2 of the Dungeon.
             The game lasted 00:18:49 (4097 turns).

vt the Ducker (Tengu Necromancer)                   Turns: 4097, Time: 00:18:50

Health: 0/24       AC:  3    Str:  6 (8)  XL:     4   Next: 66%
Magic:  0/8        EV: 15    Int: 13 (15) God:    Sif Muna [......]
Gold:   69         SH:  0    Dex: 16      Spells: 2/7 levels left

rFire    . . .     SeeInvis .   g - +0 dagger
rCold    . . .     Gourm    .   (no shield)
rNeg     . . .     Faith    .   a - +0 robe
rPois    .         Spirit   .   (helmet restricted)
rElec    .         Reflect  .   p - +0 cloak
rCorr    .         Harm     .   (no gloves)
MR       .....                  (boots unavailable)
Stlth    ++........             (no amulet)
HPRegen  0.08/turn              (no ring)
MPRegen  0.11/turn              (no ring)

@: about to teleport
A: beak, talons 3
a: Renounce Religion


You were on level 2 of the Dungeon.
You worshipped Sif Muna.
Sif Muna was noncommittal.
You were hungry.

You visited 1 branch of the dungeon, and saw 3 of its levels.

You collected 69 gold pieces.

Inventory:

Hand Weapons
 f - a +0 hand axe
   (You took it off a hobgoblin on level 1 of the Dungeon)
 g - a +0 dagger (weapon)
   (You took it off a goblin on level 1 of the Dungeon)
 h - a +0 spear
   (You found it on level 2 of the Dungeon)
 k - a +0 short sword
   (You took it off Robin on level 1 of the Dungeon)
 l - a +0 whip
   (You took it off a kobold on level 2 of the Dungeon)
Missiles
 e - 36 stones (quivered)
 i - 25 bolts
 n - 20 arrows
 u - 7 poisoned needles
Armour
 a - a +0 robe (worn)
 p - a +0 cloak (worn)
   (You found it on level 2 of the Dungeon)
Jewellery
 q - an uncursed ring of protection from magic {unknown}
   (You found it on level 1 of the Dungeon)
Scrolls
 b - a scroll of fear {unknown}
 m - a scroll of blinking {unknown}
 D - a scroll of amnesia
 N - a scroll of remove curse {@r2}
Comestibles
 c - 2 rations
 j - 3 chunks of flesh


   Skills:
 - Level 5.0 Dodging
 - Level 2.0 Stealth
 - Level 2.0 Spellcasting
 + Level 4.6 Necromancy


You had 2 spell levels left.
You knew the following spells:

 Your Spells              Type           Power        Failure   Level  Hunger
a - Pain                  Necr           ##..         3%          1    ##.....
r - Vampiric Draining     Necr           ##........   12%         3    ####...
z - Animate Skeleton      Necr           N/A          3%          1    ##.....

Your spell library contained the following spells:

 Spells                   Type           Power        Failure   Level  Hunger
 Regeneration             Chrm/Necr      #.........   30%         3    ####...
 Animate Dead             Necr           N/A          36%         4    #####..


Dungeon Overview and Level Annotations

Branches:
Dungeon (3/15)

Altars:
Cheibriados
Fedhas
Sif Muna

Annotations:
D:2 dispersal trap, Natasha


Innate Abilities, Weirdness & Mutations

You have a beak for a mouth.
You have claws for feet.


Message History

The adder writhes in agony.
You kill the adder!
Sif Muna accepts your kill.
You feel your dexterity returning.
You start resting.
The dart slug is too close now for your liking.
You start resting.
The dart slug is too close now for your liking.
You swap places.
The dart slug misses you.
Casting: Pain (safe; 4% risk of failure)
Confirm with . or Enter, or press ? or * to list all spells.
Aiming: Pain (safe; 4% risk of failure)
Press: ? - help, Shift-Dir - straight line, f - dart slug
Aim: a dart slug (clinging, chance to defeat MR: 83%)
The dart slug writhes in agony.
The dart slug misses you.
Casting: Pain (safe; 4% risk of failure)
Confirm with . or Enter, or press ? or * to list all spells.
Aiming: Pain (safe; 4% risk of failure)
Press: ? - help, Shift-Dir - straight line, f/p - dart slug
Aim: a dart slug (moderately wounded, clinging, chance to defeat MR: 83%)
The dart slug writhes in agony.
Casting: Pain (safe; 4% risk of failure)
Confirm with . or Enter, or press ? or * to list all spells.
Aiming: Pain (safe; 4% risk of failure)
Press: ? - help, Shift-Dir - straight line, f/p - dart slug
Aim: a dart slug (moderately wounded, clinging, chance to defeat MR: 83%)
The dart slug barely resists.
The dart slug launches a dart at you. The slug dart misses you.
Casting: Pain (safe; 4% risk of failure)
Confirm with . or Enter, or press ? or * to list all spells.
Aiming: Vampiric Draining (safe; 12% risk of failure)
Press: ? - help, Shift-Dir - straight line, f/p - dart slug
Aim: a dart slug (moderately wounded, clinging)
The dart slug is almost dead.
You feel life coursing into your body.
* * * LOW MAGIC WARNING * * *
You are feeling hungry.
The dart slug misses you.
You hit the dart slug.
You kill the dart slug!
Sif Muna accepts your kill.
Some of the chunks of flesh in your inventory have rotted away.
Natasha stares at you and mumbles some strange words.
The magic dart hits your hobgoblin skeleton!
Your hobgoblin skeleton is destroyed!
Natasha casts a spell at you. The magic dart hits you!
Natasha closely misses you.
You hit Natasha but do no damage. You peck Natasha, but do no damage.
Natasha closely misses you.
Casting: Vampiric Draining (safe; 12% risk of failure)
Confirm with . or Enter, or press ? or * to list all spells.
You don't have enough magic to cast that spell.
You hit Natasha but do no damage. Your kick misses Natasha. You peck Natasha.
Natasha is lightly wounded.
Natasha closely misses you.
You hit Natasha but do no damage. Your kick misses Natasha.
Natasha is lightly wounded.
Natasha mumbles some strange words.
You closely miss Natasha. You claw Natasha, but do no damage.
Natasha is lightly wounded.
Natasha claws you!
* * * LOW HITPOINT WARNING * * *
Casting: Vampiric Draining (safe; 12% risk of failure)
Confirm with . or Enter, or press ? or * to list all spells.
Aiming: Vampiric Draining (safe; 12% risk of failure)
Press: ? - help, Shift-Dir - straight line, f - Natasha
Aim: Natasha (lightly wounded) Natasha is severely wounded.
You feel life coursing into your body.
* * * LOW MAGIC WARNING * * *
Natasha closely misses you. The white imp closely misses you.
The white imp closely misses you.
There is a stone staircase leading down here.
Natasha closely misses you.
Casting: Vampiric Draining (safe; 12% risk of failure)
Confirm with . or Enter, or press ? or * to list all spells.
Aiming: Pain (safe; 3% risk of failure)
Press: ? - help, Shift-Dir - straight line, f/p - Natasha
Aim: Natasha (severely wounded, chance to defeat MR: 70%) Natasha writhes in agony.
* * * LOW MAGIC WARNING * * *
Natasha closely misses you.
You barely miss Natasha.
Natasha is severely wounded.
Natasha closely misses you. The white imp barely misses you.
You aren't carrying any potions.
As you read the scroll labeled XURAR SIDUGANK, it crumbles to dust.
You hear a loud clanging noise!
It was a scroll of noise.
Natasha casts a spell.
The white imp gestures at you. The puff of frost hits you!
* * * LOW HITPOINT WARNING * * *
As you read the scroll labeled ITWELAU BUASA, it crumbles to dust.
You feel strangely unstable.
It was a scroll of teleportation.
Natasha stares at you and mumbles some strange words.
The magic dart hits you.
You die...

###.#.##...............###.......
.......##.....#.#................
..............#.###............##
..............#.# #............#.
..............#.##########.....#.
...................# #.........#.
#.####....#........###...........
#'####....#........#.......##....
.....h##...................##....
......##.......5.................
......##......5h@...≤............
............>....................
.............#......##.......#...
.............#......##...........
.............#......##...........
.............#......##.....#.....
.............#...................
.............#.#######..........^
###..........#.# #.....#...#.
#..........#. #.....###.##
####..w....#. #...........


You could see Natasha, a crimson imp and a white imp.

Vanquished Creatures
  2 adders (D:2)
  A worm (D:2)
  A dart slug (D:2)
  A leopard gecko (D:1)
  4 bats
  2 giant cockroaches
  8 goblins
  11 hobgoblins
  3 jackals (D:1)
  4 kobolds
  A quokka (D:2)
  2 frilled lizards (D:1)
  A rat (D:2)
41 creatures vanquished.

Vanquished Creatures (collateral kills)
  Robin (D:1)
  2 dart slugs (D:2)
  4 goblins
7 creatures vanquished.

Vanquished Creatures (others)
  An adder (D:2)
1 creature vanquished.

Grand Total: 49 creatures vanquished

Notes
Turn   | Place    | Note
-------+----------+-------------------------------------------
     0 | D:1      | vt the Tengu Necromancer began the quest for the Orb.
     0 | D:1      | Reached XP level 1. HP: 10/10 MP: 4/4
   342 | D:1      | Reached XP level 2. HP: 10/15 MP: 3/6
   351 | D:1      | Learned a level 1 spell: Animate Skeleton
   472 | D:2      | Noticed Natasha
   538 | D:1      | You fall through a shaft!
   544 | D:2      | Reached skill level 3 in Dodging
   764 | D:2      | Found a snail-covered altar of Cheibriados.
  1000 | D:2      | Found a blossoming altar of Fedhas.
  1338 | D:2      | Reached XP level 3. HP: 19/19 MP: 5/7
  1602 | D:2      | Learned a level 3 spell: Vampiric Draining
  1823 | D:2      | Reached skill level 4 in Dodging
  2636 | D:1      | HP: 4/19 [jackal (1)]
  3007 | D:2      | Reached XP level 4. HP: 22/24 MP: 4/8
  3206 | D:2      | Noticed Robin
  3841 | D:1      | Killed Robin
  3841 | D:1      | Reached skill level 5 in Dodging
  4000 | D:2      | Found a deep blue altar of Sif Muna.
  4006 | D:2      | Became a worshipper of Sif Muna the Loreminder
  4096 | D:2      | HP: 4/24 [white imp/puff of frost[Natasha] (7)]
  4097 | D:2      | Killed from afar by Natasha

Levels and vault maps discovered:
D:1:      kennysheep_arrival_forest, layout_loops_ring
D:2:      layout_basic, kennysheep_slug_shrine, led_sif_pool, fedhas_altar_3,
          uniq_natasha, uniq_robin
D:3:      layout_basic, dancing_weapons_uskayaw, overflow_temple_1_default,
          first_ration, xom_redecorated

Skill      XL: |  1  2  3  4 |
---------------+-------------+-----
Dodging        | 3 4 5 |  5.0
Stealth        | |  2.0
Spellcasting   | |  2.0
Necromancy     | |  4.6

Action                   |  1- 3 |  4- 6 || total
-------------------------+-------+-------++-------
Melee: Dagger            |     7 |    19 ||    26
       Kick              |     2 |     7 ||     9
       Peck              |       |     4 ||     4
Throw: Stone             |     4 |     1 ||     5
 Cast: Pain              |    79 |    23 ||   102
       Animate Skeleton  |    14 |     7 ||    21
       Vampiric Draining |       |     6 ||     6
  Use: Potion            |     3 |       ||     3
       Scroll            |       |     5 ||     5
  Eat: Chunk             |     7 |     2 ||     9
       Ration            |       |     1 ||     1
Armor: Robe              |     7 |     4 ||    11
Dodge: Dodged            |    36 |    36 ||    72

Table legend:
 A = Non-vault XP
 B = Vault XP
 C = Vault XP percentage of total XP
 D = Non-vault monster count
 E = Vault monster count
 F = Vault count percentage of total count
                 A         B        C        D         E       F
            +---------+---------+-------+---------+---------+-------
      Total |     103 |      34 |  24.8 |      37 |      12 |  24.5
            +---------+---------+-------+---------+---------+-------
        D:1 |      38 |      27 |  41.5 |      21 |       9 |  30.0
        D:2 |      63 |       7 |  10.0 |      15 |       3 |  16.7
        D:3 |       2 |       0 |   0.0 |       1 |       0 |   0.0
            +---------+---------+-------+---------+---------+-------

Levels and vault maps discovered:
D:1:      kennysheep_arrival_forest, layout_loops_ring
D:2:      layout_basic, kennysheep_slug_shrine, led_sif_pool, fedhas_altar_3,
          uniq_natasha, uniq_robin
D:3:      layout_basic, dancing_weapons_uskayaw, overflow_temple_1_default,
          first_ration, xom_redecorated

Table legend:
 A = Turns spent in this place as a percentage of turns spent in the entire game.
 B = Non-inter-level travel turns spent in this place as a percentage of non-inter-level travel turns spent in the entire game.
 C = Inter-level travel turns spent in this place as a percentage of turns spent in this place.
 D = Turns resting spent in this place as a percentage of non-inter-level travel turns spent in this place.
 E = Turns spent auto-exploring this place as a percentage of non-inter-level travel turns spent in this place.
 F = Non-inter-level travel turns spent in this place divided by the number of levels of this place that you've seen.
                   A       B       C       D       E      F
               +-------+-------+-------+-------+-------+----------------------
         Total | 100.0 | 100.0 |   0.5 |  53.4 |  13.7 | 1359.0
       Dungeon | 100.0 | 100.0 |   0.5 |  53.4 |  13.7 | 1359.0
               +-------+-------+-------+-------+-------+----------------------

Table legend:
 A = Kills in this place as a percentage of kills in entire the game.
 B = Kills by you in this place as a percentage of kills by you in the entire game.
 C = Kills by friends in this place as a percentage of kills by friends in the entire game.
 D = Other kills in this place as a percentage of other kills in the entire game.
 E = Experience gained in this place as a percentage of experience gained in the entire game.
 F = Experience gained in this place divided by the number of levels of this place that you have seen.
                   A       B       C       D       E      F
               +-------+-------+-------+-------+-------+----------------------
         Total | 100.0 | 100.0 | 100.0 | 100.0 | 100.0 |  45.7
       Dungeon | 100.0 | 100.0 | 100.0 | 100.0 | 100.0 |  45.7
               +-------+-------+-------+-------+-------+----------------------
